 Dungeon Crawl Stone Soup version 0.29.1-2-gbd0b4ee654 (webtiles) character file.

Game seed: 16091152970024982327

4871 KittyFluff the Basher (level 10, -1/61 HPs)
             Began as a Gargoyle Berserker on Nov 23, 2022.
             Was an Elder of Trog.
             Slain by a yak (13 damage)
             ... on level 8 of the Dungeon.
             The game lasted 00:43:33 (10386 turns).

KittyFluff the Basher (Gargoyle Berserker)         Turns: 10386, Time: 00:43:33

Health: -1/61      AC: 21    Str: 21    XL:     10   Next: 50%
Magic:  10/10      EV: 17    Int:  8    God:    Trog [****..]
Gold:   86         SH:  0    Dex: 13    Spells: 9/9 levels left

rFire   . . .      SeeInvis .   l - +2 quarterstaff (chaos)
rCold   . . .      Faith    .   (shield currently unavailable)
rNeg    + . .      Spirit   .   O - +0 acid dragon scales
rPois   ∞          Reflect  .   b - +1 helmet
rElec   +          Harm     .   H - +0 cloak {Will+}
rCorr   +          Rampage  .   (no gloves)
Will    +....                   N - +1 pair of boots
Stlth   ++........              (no amulet)
HPRegen 0.20/turn               J - ring "Megexeoco" {+Blink rPois}
MPRegen 0.12/turn               L - +4 ring of evasion

@: no status effects
A: sickness immunity, AC +7, negative energy resistance 1, electricity
resistance, torment resistance 1, petrification resistance
a: Renounce Religion, Evoke Blink, Berserk, Trog's Hand, Brothers in Arms


You were on level 8 of the Dungeon.
You worshipped Trog.
Trog was greatly pleased with you.
You visited 1 branch of the dungeon, and saw 8 of its levels.

You collected 528 gold pieces.
You spent 442 gold pieces at shops.

Inventory:

Hand Weapons
 a - a +1 mace
 l - a +2 quarterstaff of chaos (weapon)
 s - a +0 sling
 B - a +0 quarterstaff
Missiles
 c - 16 poisoned darts
 d - 6 boomerangs (quivered)
 m - 2 datura-tipped darts
 I - a throwing net
Armour
 b - a +1 helmet (worn)
 H - a +0 cloak of willpower (worn)
 N - a +1 pair of boots (worn)
 O - +0 acid dragon scales (worn)
Jewellery
 j - a ring of fire
 J - the ring "Megexeoco" (left hand) {+Blink rPois}
   (You bought it in a shop on level 7 of the Dungeon)

   [ring of poison resistance]

   rPois:     It protects you from poison.
   +Blink:    It lets you blink.
 L - a +4 ring of evasion (right hand)
Wands
 F - a wand of quicksilver (10)
 K - a wand of charming (12)
 M - a wand of polymorph (10)
Scrolls
 h - 4 scrolls of enchant weapon
 k - 2 scrolls of magic mapping {unknown}
 n - 2 scrolls of butterflies {unknown}
 p - a scroll of amnesia {unknown}
 r - 2 scrolls of immolation {unknown}
 u - a scroll of vulnerability {unknown}
 v - a scroll of enchant armour {unknown}
 w - 2 scrolls of blinking {unknown}
 y - 3 scrolls of teleportation {unknown}
 A - a scroll of poison {unknown}
 C - a scroll of fear {unknown}
Potions
 e - 3 potions of might
 f - a potion of curing
 g - 2 potions of attraction
 i - 2 potions of mutation {unknown}
 o - 2 potions of invisibility
 q - 2 potions of haste {unknown}
 t - 3 potions of lignification {unknown}
 z - 2 potions of berserk rage {unknown}
 D - a potion of magic {unknown}
 E - a potion of heal wounds {unknown}
 G - 2 potions of flight {unknown}


   Skills:
 + Level 6.9 Fighting
 + Level 8.0(9.5) Maces & Flails
 * Level 7.8(9.4) Staves
 + Level 0.7 Throwing
 * Level 7.1 Armour
 + Level 4.6 Dodging
 + Level 2.8 Stealth
 * Level 2.1 Evocations


You had 9 spell levels left.
You didn't know any spells.
Your spell library was empty.

Dungeon Overview and Level Annotations

Branches:
Dungeon (8/15)             Temple (0/1) D:7
   Lair: D:8-11

Altars:

Shops:
D:4 =   D:7 =


Innate Abilities, Weirdness & Mutations

You are immune to sickness and miasma.
Your stone body is resilient. (AC +7)
You are immune to poison.
You resist negative energy. (rN+)
You are resistant to electric shocks. (rElec)
You are resistant to unholy torment.
You are immune to petrification.


Message History

You strike the helpless yak from behind!
You sock the yak!
You kill the yak!
Trog accepts your kill.
You sock the yak!
The yak is moderately wounded.
The yak closely misses you.
You hit the yak. You burn the yak.
The yak is heavily wounded.
The yak gores you but does no damage.
You sock the yak! Lightning courses through the yak!
You kill the yak!
Trog accepts your kill.
You can now call in reinforcements.
The yak misses you. The yak completely misses you.
Things that are here:
a yak corpse; a yak corpse You sock the yak!
Space warps around the yak.
The yak is heavily wounded.
The yak gores you. x2
The yak attacks as you move away! The yak barely misses you.
You hit the yak.
The yak goes berserk!
The yak is lightly wounded.
The yak gores you.
You barely miss the yak.
The yak is lightly wounded.
The yak misses you. The yak gores you.
You hit the yak. Lightning courses through the yak!
The yak is heavily wounded.
The yak gores you but does no damage.
You sock the yak!
The yak looks as sick as possible!
The yak is severely wounded.
The yak gores you!
You hit the yak. You freeze the yak.
The yak is almost dead.
The yak gores you!
* * * LOW HITPOINT WARNING * * *
You closely miss the yak.
The yak is almost dead.
The yak gores you!
You die...

..'....# #..#
#####.### #.#
###....#####.#
#.#######+#
#....#.....###
#..........
####.#.......#
###......
#.........##
.......).
####.......#
.######.#
#.......#
........#
#.......####
#####....
#######.@YY#
#..... ####.#
#..... #..#
#..... ....#
#..... ....#
###..# #....#
#..# #....#
#..# #....#
#..# #..#


You could see 2 yaks.

Vanquished Creatures
  A rime drake (shapeshifter) (D:8)
  6 yaks
  Grum (D:8)
  2 acid dragons (D:8)
  3 water moccasins
  3 sky beasts
  The ghost of Rudyous the Trooper, an amateur HOFi (D:3)
  2 ice beasts
  3 wolves (D:8)
  A centaur (D:8)
  A kobold brigand (D:4)
  3 bullfrogs (D:6)
  A necrophage (D:5)
  4 scorpions
  4 wights
  13 killer bees
  4 howler monkeys (D:8)
  2 orc priests
  A hound (D:7)
  Crazy Yiuf (D:6)
  2 gnoll boudas
  3 jellies
  Terence (D:2)
  An iguana (D:7)
  4 orc wizards
  Robin (D:1)
  4 adders
  8 gnolls
  2 shadow imps
  A white imp (D:6)
  2 worms
  2 dart slugs
  27 orcs
  6 ball pythons
  8 bats
  5 endoplasms
  3 giant cockroaches
  14 goblins
  8 hobgoblins
  3 quokkas
  2 frilled lizards
  14 kobolds
  3 rats
181 creatures vanquished.

Vanquished Creatures (others)
  A fungus (D:6)
1 creature vanquished.

Grand Total: 182 creatures vanquished

Notes
Turn   | Place    | Note
-------+----------+-------------------------------------------
     0 | D:1      | KittyFluff the Gargoyle Berserker began the quest for the
                  | Orb.
     0 | D:1      | Reached XP level 1. HP: 14/14 MP: 1/1
   252 | D:1      | Reached XP level 2. HP: 16/19 MP: 2/2
   994 | D:1      | Reached XP level 3. HP: 23/23 MP: 3/3
  1055 | D:1      | Found a faded altar of an unknown god.
  1886 | D:2      | Noticed Terence
  1895 | D:2      | Killed Terence
  1896 | D:2      | Reached skill level 4 in Maces & Flails
  1896 | D:2      | Reached XP level 4. HP: 22/29 MP: 4/4
  2133 | D:2      | Noticed Robin
  2223 | D:1      | Killed Robin
  2541 | D:2      | Reached ** piety under Trog
  2786 | D:3      | Found a large runed translucent door.
  2787 | D:3      | Found a large runed translucent door.
  2789 | D:3      | Noticed Rudyous's ghost (amateur HOFi)
  3020 | D:3      | Reached XP level 5. HP: 27/33 MP: 5/5
  3086 | D:3      | Noticed an ice beast
  3095 | D:3      | Killed an ice beast
  3096 | D:3      | Reached skill level 1 in Stealth
  3096 | D:3      | Reached XP level 6. HP: 29/38 MP: 6/6
  3470 | D:3      | Reached skill level 5 in Maces & Flails
  3936 | D:3      | Killed Rudyous's ghost
  4249 | D:4      | Reached XP level 7. HP: 38/44 MP: 7/7
  4376 | D:4      | Found Wealeynn's Jewellery Shoppe.
  5149 | D:5      | Entered Level 5 of the Dungeon
  5292 | D:4      | Reached skill level 6 in Maces & Flails
  6154 | D:5      | Reached skill level 5 in Fighting
  6154 | D:5      | Reached XP level 8. HP: 46/49 MP: 8/8
  6171 | D:5      | Noticed a yak
  6172 | D:5      | Noticed a yak
  6172 | D:5      | Noticed a yak
  6409 | D:5      | Killed a yak
  6410 | D:5      | Reached skill level 7 in Maces & Flails
  6414 | D:5      | Killed a yak
  6415 | D:5      | Reached skill level 5 in Armour
  6421 | D:5      | Killed a yak
  7237 | D:5      | Reached skill level 1 in Staves
  7393 | D:6      | Reached XP level 9. HP: 48/55 MP: 9/9
  7546 | D:6      | Reached skill level 8 in Maces & Flails
  7795 | D:6      | Reached *** piety under Trog
  8088 | D:6      | Found a runed translucent door.
  8089 | D:6      | Noticed Crazy Yiuf
  8095 | D:6      | Killed Crazy Yiuf
  8180 | D:7      | Found a staircase to the Ecumenical Temple.
  8738 | D:7      | Reached skill level 5 in Staves
  9036 | D:7      | Found Laampaitz's Jewellery Emporium.
  9329 | D:7      | Bought the ring "Megexeoco" {+Blink rPois} for 442 gold
                  | pieces
  9647 | D:8      | Reached XP level 10. HP: 58/61 MP: 10/10
  9672 | D:8      | Reached skill level 1 in Evocations
  9923 | D:8      | Noticed Grum
  9950 | D:8      | Killed Grum
 10377 | D:8      | Reached **** piety under Trog
 10386 | D:8      | Slain by a yak

Illustrated notes

Levels and vault maps discovered:
D:1:      nagdon_arrival_zigzag_paths, layout_basic,
          dreamdust_ecumenical_altar_sealed_demon, kennysheep_boxes
D:2:      layout_loops_corners, uniq_terence, uniq_robin
D:3:      cheibrodos_pilgrimage, layout_loops_ring, ebering_ghost_disaster_area
D:4:      layout_rooms, serial_shops, shop
D:5:      layout_gridville, st_stairs_1, nicolae_figureground_pulse
D:6:      layout_cave_pools, uniq_crazy_yiuf_cottage
D:7:      layout_cave_pods, minmay_temple_entry_mist, serial_shops,
          nicolae_shop_trees
D:8:      layout_basic, nicolae_grassy_gnolls, uniq_grum

Skill      XL: |  1  2  3  4  5  6  7  8  9 10 |
---------------+-------------------------------+-----
Maces & Flails | 4 5 6 7 8 |  8.0
Armour         | 3 4 5 6 7 |  7.1
Fighting       | 4 5 6 |  6.9
Dodging        | 2 3 4 |  4.6
Stealth        | 1 2 |  2.8
Staves         | 1 6 7 |  7.8
Evocations     | 2 |  2.1
Throwing       | |  0.7

Action                   |  1- 3 |  4- 6 |  7- 9 | 10-12 || total
-------------------------+-------+-------+-------+-------++-------
Melee: Mace              |    79 |   163 |   181 |       ||   423
       Punch             |       |       |     4 |       ||     4
       Quarterstaff      |       |       |   287 |   107 ||   394
Throw: Boomerang         |       |       |     4 |       ||     4
Invok: Berserk           |     1 |     2 |     6 |       ||     9
  Use: Scroll            |       |     3 |     4 |       ||     7
 Stab: Confused          |       |       |     1 |     1 ||     2
       Invisible         |       |       |     1 |       ||     1
       Sleeping          |       |       |     1 |       ||     1
Armor: Animal skin       |    26 |    61 |       |       ||    87
       Leather armour    |       |    15 |   195 |    31 ||   241
       Acid dragon scale |       |       |       |     4 ||     4
Dodge: Dodged            |    52 |   120 |   279 |    77 ||   528
